 Dungeon Sprint DCSS version 0.24-a0-525-g9231cdc (webtiles) character file.

Game seed: 16908660819055366096

70 silentkaos13 the Slasher (level 4, -1/34 HPs)
             Began as a Demonspawn Gladiator on Aug 4, 2019.
             Slain by an ice beast (12 damage)
             ... in the Dungeon (Sprint IX: "|||||||||||||||||||||||||||||").
             The game lasted 00:00:18 (123 turns).

silentkaos13 the Slasher (Demonspawn Gladiator)      Turns: 123, Time: 00:00:19

Health: -1/34      AC:  4    Str: 16    XL:     4   Next: 4%
Magic:  0/4        EV: 14    Int:  9    God:
Gold:   0          SH:  4    Dex: 14    Spells: 3/3 levels left

rFire    . . .     SeeInvis .   a - +0 long sword
rCold    . . .     Gourm    .   (no shield)
rNeg     . . .     Faith    .   b - +0 leather armour
rPois    .         Spirit   +   c - +0 helmet
rElec    .         Reflect  .   (no cloak)
rCorr    .         Harm     .   (no gloves)
MR       .....     NoTele   +   (no boots)
Stlth    +.........             (no amulet)
HPRegen  0.11/turn              (no ring)
MPRegen  0.09/turn              (no ring)

@: no status effects
A: talons 1, large bone plates 1, magic shield
a: no special abilities


You were in the Dungeon.
You were not hungry.

You visited 1 branch

Inventory:

Hand Weapons
 a - a +0 long sword (weapon)
Missiles
 d - 3 throwing nets (quivered)
Armour
 b - a +0 leather armour (worn)
 c - a +0 helmet (worn)
Scrolls
 k - a scroll of blinking
Potions
 e - a potion of curing
 g - a potion of heal wounds
 h - a potion of haste
 i - 2 potions of magic
 j - a potion of berserk rage
Comestibles
 f - a ration


   Skills:
 + Level 2.7 Fighting
 + Level 5.6 Long Blades
 + Level 2.7 Throwing
 + Level 1.1 Armour
 + Level 4.9 Dodging


You had 3 spell levels left.
You didn't know any spells.
Your spell library was empty.

Dungeon Overview and Level Annotations

Branches:
Dungeon (1/1)

Altars:


Innate Abilities, Weirdness & Mutations

You have sharp toenails.
You are partially covered in large bone plates. (SH +4)
When hurt, damage is shared between your health and your magic reserves.


Message History

You feel stronger.
Your demonic ancestry asserts itself...
Your toenails lengthen and sharpen.
You completely miss the ice beast.
You claw the ice beast, but do no damage.
The ice beast barely misses you.
You riposte.
You hit the ice beast. Your kick misses the ice beast.
The ice beast is lightly wounded.
You hit the ice beast.
The ice beast is moderately wounded.
The ice beast completely misses you.
You hit the ice beast.
You claw the ice beast, but do no damage.
The ice beast is heavily wounded.
The ice beast barely misses you.
You riposte.
You barely miss the ice beast. You claw the ice beast.
The ice beast is heavily wounded.
You barely miss the ice beast.
The ice beast is heavily wounded.
The ice beast hits you. The ice beast freezes you!
You die... ▓▓▓▓▓▓▓▓▓▓▓▓▓▓▓▓▓▓ ▓<...)†....@Yls..+ ▓▓▓▓▓▓▓▓▓▓▓▓▓▓▓▓▓▓

You could see an ice beast, a scorpion and a leopard gecko.

Vanquished Creatures
  A howler monkey (D)
  An orc wizard (D)
  A bat (D)
  A hobgoblin (D)
  3 rats (D)
7 creatures vanquished.

Notes
Turn   | Place    | Note
-------+----------+-------------------------------------------
     0 | D        | silentkaos13 the Demonspawn Gladiator began the quest for
                  | the Orb.
     0 | D        | Reached XP level 1. HP: 16/16 MP: 1/1
     7 | D        | Reached skill level 3 in Long Blades
    98 | D        | Noticed a howler monkey
    98 | D        | Noticed an orc wizard
    98 | D        | Noticed an ice beast
    98 | D        | Noticed a scorpion
   108 | D        | Killed a howler monkey
   108 | D        | Reached skill level 4 in Long Blades
   108 | D        | Gained mutation: When hurt, damage is shared between your
                  | health and your magic reserves. [demonic ancestry]
   108 | D        | Reached XP level 2. HP: 16/23 MP: 2/2
   108 | D        | Gained mutation: You are partially covered in large bone
                  | plates. (SH +4) [demonic ancestry]
   108 | D        | Reached XP level 3. HP: 20/28 MP: 3/3
   119 | D        | Reached skill level 5 in Long Blades
   119 | D        | Reached skill level 1 in Armour
   119 | D        | Gained mutation: You have sharp toenails. [demonic
                  | ancestry]
   119 | D        | Reached XP level 4. HP: 13/34 MP: 1/4
   123 | D        | Slain by an ice beast

Levels and vault maps discovered:
D:        linesprint [early_d, line_temple, items_1, d_10, items_2, lair_1,
          lair_end, items_3, orc_1, orc_end, items_4, d_15, swamp_1, shoals_1,
          snake_1, spider_1, d_20, vaults_1, items_5, swamp_end, shoals_end,
          snake_end, spider_end, vaults_end, d_27, items_6, zot_1, zot_end,
          crypt_end, forest_end, elf_end, slime_end, tomb_end, abyss_end,
          pan_hell_end]

Skill      XL: |  1  2  3 |
---------------+----------+-----
Long Blades    | 4 5 |  5.6
Dodging        | 4 |  4.9
Throwing       | 2 |  2.7
Armour         | 1 |  1.1
Fighting       | |  2.7

Action                   |  1- 3 |  4- 6 || total
-------------------------+-------+-------++-------
Melee: Long sword        |    30 |     4 ||    34
       Kick              |       |     3 ||     3
Armor: Leather armour    |     1 |       ||     1
Dodge: Dodged            |    20 |     3 ||    23
Block: Other             |     5 |       ||     5
       Rpst.: Long sword |     5 |     2 ||     7

Table legend:
 A = Non-vault XP
 B = Vault XP
 C = Vault XP percentage of total XP
 D = Non-vault monster count
 E = Vault monster count
 F = Vault count percentage of total count
                 A         B        C        D         E       F
            +---------+---------+-------+---------+---------+-------
      Total |       0 |     101 | 100.0 |       0 |       7 | 100.0
            +---------+---------+-------+---------+---------+-------
          D |       0 |     101 | 100.0 |       0 |       7 | 100.0
            +---------+---------+-------+---------+---------+-------
